 Dungeon Crawl Stone Soup version 0.30-a0-292-g0f741e3f8e (webtiles) character file.

Game seed: 11153132073853494518

67 freelancePsychic the Firebug (level 4, -1/37 HPs)
             Began as an Armataur Fire Elementalist on Oct 17, 2022.
             Killed from afar by an orc wizard (6 damage)
             ... with a magic dart
             ... on level 2 of the Dungeon.
             The game lasted 00:02:19 (1560 turns).

freelancePsychic the Firebug (AtFE)                 Turns: 1560, Time: 00:02:20

Health: -1/37      AC:  5    Str: 13    XL:     4   Next: 0%
Magic:  0/7        EV:  9    Int: 18    God:
Gold:   61         SH:  0    Dex: 10    Spells: 5/8 levels left

rFire   . . .      SeeInvis .    f - +2 short sword (venom)
rCold   . . .      Faith    .    (no shield)
rNeg    . . .      Spirit   .    g - +1 robe "Kepocres" {Will+}
rPois   .          Reflect  .    (no helmet)
rElec   .          Harm     .    (no cloak)
rCorr   .          Roll     +    (no gloves)
Will    +....                    (no barding)
Stlth   ++........               (no amulet)
HPRegen 0.26/turn                (no ring)
MPRegen 0.10/turn                (no ring)

@: no status effects
A: large, rugged brown scales 3, deformed body, armoured tail, roll, long
tongue, awkward tongue
a: no special abilities


You were on level 2 of the Dungeon.
You visited 1 branch of the dungeon, and saw 2 of its levels.

You collected 61 gold pieces.

Inventory:

Hand Weapons
 f - a +2 short sword of venom (weapon)
Armour
 a - a +0 robe
 g - the +1 robe "Kepocres" (worn) {Will+}
   (You found it on level 2 of the Dungeon)

   Will:      It increases your willpower.
Scrolls
 c - a scroll of teleportation {unknown}
 d - a scroll of immolation {unknown}
 e - a scroll of identify {unknown}
Potions
 b - a potion of magic


   Skills:
 + Level 1.4 Fighting
 - Level 1.3 Dodging
 + Level 2.5 Stealth
 - Level 2.5 Spellcasting
 - Level 1.1 Conjurations
 + Level 3.3 Fire Magic


You had 5 spell levels left.
You knew the following spells:

 Your Spells              Type           Power      Damage    Failure   Level
a - Foxfire               Conj/Fire      40%        2x1d6     7%          1
b - Scorch                Fire           28%        2d6       7%          2

Your spell library contained the following spells:

 Spells                   Type           Power      Damage    Failure   Level
 Inner Flame              Hex/Fire       8%         N/A       26%         3
 Kindle Blastsparks       Fire/Tloc/Air  12%        2d11      32%         3
 Flame Wave               Conj/Fire      10%        2d6       56%         4


Dungeon Overview and Level Annotations

Branches:
Dungeon (2/15)

Altars:

Shops:
D:2 *


Innate Abilities, Weirdness & Mutations

You are completely covered in rugged brown scales. (AC +3, +7% HP)
Armour fits poorly on your strangely shaped body.
You have a long armoured tail.
You roll when moving toward enemies. (Rampage)
Your long tongue fully drains potion bottles. (2x potion effects)
Your tongue gives you trouble enunciating. (1.5x scroll delay)


Message History

The orc priest hits you with a +0 dagger.
Flames lash the orc.
You kill the orc!
The orc priest mumbles some strange prayers to Beogh against you.
Beogh smites you!
Ouch! That really hurt!
* * * LOW HITPOINT WARNING * * *
You are too injured to fight recklessly!
You are too injured to fight recklessly!
Casting: Scorch (safe; 8% risk of failure)
Confirm with . or Enter, or press ? or * to list all spells.
Flames lash the orc priest.
The orc priest is severely wounded.
The orc priest's fire resistance burns away.
The orc priest calls upon Beogh to heal the orc wizard.
The orc wizard's wounds heal themselves!
You hit the orc priest.
You kill the orc priest!
The orc wizard is no longer more vulnerable to fire.
Training target 2.5 for Spellcasting reached!
You have reached level 4!
You feel clever.
You closely miss the orc wizard.
The orc wizard gestures at you while chanting.
The magic dart hits you!
* * * LOW HITPOINT WARNING * * *
You hit the orc wizard.
The orc wizard is poisoned.
The orc wizard is moderately wounded.
The orc wizard hits you but does no damage.
You hit the orc wizard.
The orc wizard looks as sick as possible!
The orc wizard is moderately wounded.
The orc wizard mumbles some strange words.
The orc wizard flickers and vanishes!
Deactivating autopickup; reactivate with Ctrl-A.
You hit something.
You hear some strange, mumbled words.
A magic dart appears from out of thin air!
The magic dart hits you.
You die...

#.....##
#.....##
#....... ###
#....... #..
# #.(.....
#)#
.#.###.......
#.#
........##.##
#{#
...........##
#@#
.............
#.#
.............
#.#
###....#.....
#.#
#....#.....
#.#
######.....
#.# ##.....
#.#
######......
#.#
#...........
#.#
#........###


There were no monsters in sight!

Vanquished Creatures
  An orc priest (D:2)
  2 dart slugs
  An orc (D:2)
  An endoplasm (D:2)
  4 giant cockroaches
  2 goblins
  2 hobgoblins
  2 jackals (D:2)
  5 kobolds
  2 quokkas (D:2)
  4 bats
  3 frilled lizards
  A rat (D:2)
30 creatures vanquished.

Vanquished Creatures (others)
  27 foxfires (D:1)
  3 plants (D:1)
30 creatures vanquished.

Grand Total: 60 creatures vanquished

Notes
Turn   | Place    | Note
-------+----------+-------------------------------------------
     0 | D:1      | freelancePsychic the Armataur Fire Elementalist began the
                  | quest for the Orb.
     0 | D:1      | Reached XP level 1. HP: 14/14 MP: 3/3
    65 | D:1      | Reached skill level 1 in Conjurations
   559 | D:1      | Reached XP level 2. HP: 18/21 MP: 0/5
   562 | D:1      | Learned a level 2 spell: Scorch
   922 | D:2      | Reached skill level 3 in Fire Magic
  1144 | D:2      | Identified the +1 robe "Kepocres" {Will+}
  1204 | D:2      | Reached skill level 1 in Fighting
  1233 | D:2      | Found Lotaset's Assorted Antiques.
  1303 | D:2      | Reached XP level 3. HP: 29/29 MP: 3/6
  1557 | D:2      | Reached XP level 4. HP: 11/37 MP: 0/7
  1560 | D:2      | Killed from afar by an orc wizard

Illustrated notes

Levels and vault maps discovered:
D:1:      tarquinn_simple_flora_water_e, layout_loops_ring,
          ebering_dispersal_statue_hall, minivault_26, hex_medium
D:2:      layout_basic, serial_shops, nicolae_shop_overgrown_old_shop, shop

Skill      XL: |  1  2 |
---------------+-------+-----
Conjurations   | 1 |  1.1
Spellcasting   | 2 |  2.5
Fire Magic     | 3 |  3.3
Fighting       | 1 |  1.4
Dodging        | |  1.3
Stealth        | |  2.5

Action                   |  1- 3 |  4- 6 || total
-------------------------+-------+-------++-------
Melee: Unarmed           |    15 |       ||    15
       Short sword       |    13 |     4 ||    17
       Tailslap          |     2 |       ||     2
       Punch             |     2 |       ||     2
 Cast: Foxfire           |    17 |       ||    17
       Scorch            |    22 |       ||    22
  Use: Scroll            |     1 |       ||     1
 Stab: Sleeping          |     1 |       ||     1
Armor: Robe              |    14 |     1 ||    15
Dodge: Dodged            |    23 |       ||    23

Table legend: (Time is in decaauts)
 A = Elapsed time spent in this place.
 B = Non-inter-level travel time spent in this place.
 C = Inter-level travel time spent in this place.
 D = Time resting spent in this place.
 E = Time spent auto-exploring this place.
 F = Levels seen in this place.
 G = Mean time per level.
                   A        B        C        D        E       F      G
               +--------+--------+--------+--------+--------+-----+--------+
         Total |   1559 |   1555 |      4 |      0 |   1338 |   2 |  779.5 |
       Dungeon |   1559 |   1555 |      4 |      0 |   1338 |   2 |  779.5 |
               +--------+--------+--------+--------+--------+-----+--------+

Top non-repeatable levels by time:
     D:1: 913 daAuts
     D:2: 646 daAuts
